 Dungeon Crawl Stone Soup version 0.27-a0-1374-gc14e5d3922 (webtiles) character file.

Game seed: 15942432212633484412

126 Lentor the Chopper (level 4, 0/41 HPs)
             Began as a Minotaur Berserker on June 29, 2021.
             Was a Believer of Trog.
             Slain by an ice beast (3 damage)
             ... on level 6 of the Dungeon.
             The game lasted 00:03:48 (1778 turns).

Lentor the Chopper (Minotaur Berserker)             Turns: 1778, Time: 00:03:50

Health: 0/41       AC: 11    Str: 23    XL:     4   Next: 83%
Magic:  3/3        EV:  7    Int:  4    God:    Trog [**....]
Gold:   194        SH:  0    Dex:  9    Spells: 3/3 levels left

rFire    . . .     SeeInvis .   a - +0 hand axe
rCold    . . .     Faith    .   (no shield)
rNeg     . . .     Spirit   .   i - +0 plate armour
rPois    .         Reflect  .   (helmet restricted)
rElec    .         Harm     .   o - +0 cloak
rCorr    .         Rampage  .   g - +2 pair of gloves
Will     .....                  (no boots)
Stlth    ..........             (no amulet)
HPRegen  0.13/turn              (no ring)
MPRegen  0.08/turn              (no ring)

@: corroded
A: horns 2, retaliatory headbutt
a: Renounce Religion, Berserk, Trog's Hand


You were on level 6 of the Dungeon.
You worshipped Trog.
Trog was pleased with you.
You visited 1 branch of the dungeon, and saw 5 of its levels.

You collected 194 gold pieces.

Inventory:

Hand Weapons
 a - a +0 hand axe (weapon)
Missiles
 b - 37 stones
 c - 28 poisoned darts
Armour
 g - a +2 pair of gloves (worn)
 i - a +0 plate armour (worn)
 o - a +0 cloak (worn)
Scrolls
 l - a scroll of immolation {unknown}
 m - a scroll of magic mapping {unknown}
 n - a scroll of brand weapon {unknown}
 p - a scroll of identify {unknown}
 q - a scroll of enchant weapon {unknown}
Potions
 d - a potion of curing {unknown}
 e - a potion of degeneration {unknown}
 f - 2 potions of heal wounds {unknown}
 h - a potion of berserk rage {unknown}
 j - a potion of brilliance {unknown}
 k - a potion of mutation {unknown}


   Skills:
 + Level 4.8 Fighting
 + Level 5.1 Axes
 + Level 2.7 Armour
 + Level 3.0 Dodging
 + Level 0.6 Stealth


You had 3 spell levels left.
You didn't know any spells.
Your spell library contained the following spells:

 Spells                   Type           Power      Damage    Failure   Level
 Corona                   Hex            0%         N/A       100%        1
 Ensorcelled Hibernation  Hex/Ice        0%         N/A       100%        2
 Confusing Touch          Hex            0%         N/A       100%        3
 Dazzling Flash           Conj/Hex       0%         N/A       100%        3
 Tukima's Dance           Hex            0%         N/A       100%        3


Dungeon Overview and Level Annotations

Branches:
Dungeon (7/15)
 Temple: D:4-7

Altars:
Okawaru
Uskayaw

Annotations:
D:6 Prince Ribbit


Innate Abilities, Weirdness & Mutations

You have a pair of horns on your head.
You reflexively headbutt those who attack you in melee.


Message History

The adder bites you but does no damage.
The phantom hits you but does no damage.
Your Axes skill increases to level 5!
Your Dodging skill increases to level 3!
A black bear comes into view.
The black bear growls angrily.
The ice beast barely misses you.
You see here 16 gold pieces.
The adder bites you but does no damage.
You barely miss the black bear. You hit the ice beast.
The ice beast hits you but does no damage.
The black bear bites you but does no damage.
The black bear claws you but does no damage. x2
You barely miss the black bear. You closely miss the ice beast.
The ice beast barely misses you. The black bear bites you.
The black bear barely misses you.
The black bear claws you but does no damage.
You hit the black bear.
The black bear is lightly wounded.
You barely miss the ice beast.
The ice beast hits you but does no damage.
The black bear barely misses you. The black bear claws you. x2
* * * LOW HITPOINT WARNING * * *
You barely miss the black bear.
The black bear is lightly wounded.
You hit the ice beast but do no damage.
The ice beast hits you but does no damage.
The black bear bites you.
* * * LOW HITPOINT WARNING * * *
The black bear claws you but does no damage.
The black bear claws you.
* * * LOW HITPOINT WARNING * * *
A kobold comes into view. It is wielding a +0 dagger.
The kobold shouts!
You hit the black bear.
The black bear is moderately wounded.
You closely miss the ice beast.
You hear an angry hiss.
The ice beast hits you.
You die...

.### ##.#... .....
..... ....!###.#.#
# #...K.#.# #
##KK..K####### #
##KK##...S.K..####
#WS####.#####.§K..
#Y## ..... ###...
#@# #...(.. #...
#h# #.......# #...
#.# #.......# #...
..# #/......# #K##
.## #.......# #K#
.. .... #S# .# ...
#.# .# .§. #.# ..#
#.#


You could see a phantom, a black bear, an ice beast, a kobold brigand, an adder
and 4 kobolds.

Vanquished Creatures
  A jelly (D:6)
  3 adders
  An ufetubus (D:6)
  A dart slug (D:2)
  10 endoplasms
  12 giant cockroaches
  5 goblins
  4 hobgoblins
  3 jackals (D:1)
  2 quokkas (D:1)
  4 ball pythons
  5 bats
  A frilled lizard (D:1)
  A kobold (D:1)
  A rat (D:2)
54 creatures vanquished.

Notes
Turn   | Place    | Note
-------+----------+-------------------------------------------
     0 | D:1      | Lentor the Minotaur Berserker began the quest for the Orb.
     0 | D:1      | Reached XP level 1. HP: 19/19 MP: 0/0
   138 | D:1      | Reached XP level 2. HP: 23/27 MP: 1/1
   240 | D:1      | Reached skill level 4 in Axes
   557 | D:1      | Reached ** piety under Trog
   633 | D:1      | Reached XP level 3. HP: 33/33 MP: 2/2
  1124 | D:2      | Found an iron altar of Okawaru.
  1334 | D:2      | Reached XP level 4. HP: 41/41 MP: 3/3
  1519 | D:3      | Found a hide-covered altar of Uskayaw.
  1716 | D:3      | You fall into a shaft and drop 3 floors!
  1719 | D:6      | Noticed Prince Ribbit
  1723 | D:6      | Noticed an ice beast
  1723 | D:6      | Noticed a kobold brigand
  1742 | D:6      | Noticed a phantom
  1763 | D:7      | Noticed a black bear
  1771 | D:6      | Reached skill level 5 in Axes
  1771 | D:6      | Noticed a black bear
  1777 | D:6      | HP: 2/41 [black bear (4)]
  1778 | D:6      | Slain by an ice beast

Illustrated notes

Levels and vault maps discovered:
D:1:      minmay_arrival_arboretum_small, layout_loops_ring
D:2:      minmay_roachtagon, layout_rooms, basic_altar, roderic_serpentine_path
D:3:      layout_basic, general_overflow_altar,
          shapermc_ecumenical_altar_mp_urbaneastern
D:6:      layout_rooms, uniq_sigmund, uniq_prince_ribbit1
D:7:      layout_basic

Skill      XL: |  1  2  3  4 |
---------------+-------------+-----
Axes           | 4 5 |  5.1
Fighting       | 4 |  4.8
Dodging        | 3 |  3.0
Armour         | |  2.7
Stealth        | |  0.6

Action                   |  1- 3 |  4- 6 || total
-------------------------+-------+-------++-------
Melee: Hand axe          |    74 |    22 ||    96
       Headbutt          |    16 |     1 ||    17
 Stab: Sleeping          |     1 |       ||     1
Armor: Animal skin       |     9 |       ||     9
       Plate armour      |    20 |    39 ||    59
Dodge: Dodged            |    29 |    21 ||    50

Table legend: (Time is in decaauts)
 A = Elapsed time spent in this place.
 B = Non-inter-level travel time spent in this place.
 C = Inter-level travel time spent in this place.
 D = Time resting spent in this place.
 E = Time spent auto-exploring this place.
 F = Levels seen in this place.
 G = Mean time per level.
                   A        B        C        D        E       F      G
               +--------+--------+--------+--------+--------+-----+--------+
         Total |   1786 |   1685 |    101 |      0 |   1361 |   5 |  357.2 |
       Dungeon |   1786 |   1685 |    101 |      0 |   1361 |   5 |  357.2 |
               +--------+--------+--------+--------+--------+-----+--------+

Top non-repeatable levels by time:
     D:1: 1020 daAuts
     D:2: 486 daAuts
     D:3: 216 daAuts
     D:6: 59 daAuts
     D:7: 4 daAuts
